[Event "Early-Titled-Tuesday-Blitz-October-10-2023"]
[Site "Chess.com"]
[Date "2023.10.10"]
[Round "10"]
[White "KorolDimitriy75"]
[Black "almaguerjm"]
[Result "1-0"]
[WhiteElo "2413"]
[BlackElo "2496"]
[TimeControl "180+1"]
[EndTime "9:52:40 PDT"]
[Termination "KorolDimitriy75 won by checkmate"]

1. d4 Nf6 2. c4 e6 3. Nc3 Bb4 4. Qc2 b5 5. cxb5 Bb7 6. e3 O-O 7. Nf3 Ne4 8. Bd3 f5 9. O-O d5 10. Ne5 Nd7 11. f4 Ndf6 12. Bd2 Nxd2 13. Qxd2 Ne4 14. Qc2 Rf6 15. Nxe4 fxe4 16. Be2 g5 17. fxg5 Rxf1+ 18. Rxf1 Qxg5 19. Qxc7 Qxe3+ 20. Kh1 Qxe2 21. Qf7+ Kh8 22. Qf6+ Kg8 23. Qg5+ Kh8 24. Nf7# 1-0

[Event "Early-Titled-Tuesday-Blitz-October-10-2023"]
[Site "Chess.com"]
[Date "2023.10.10"]
[Round "10"]
[White "Darko-Dimitrijevic"]
[Black "GMJustin"]
[Result "1-0"]
[WhiteElo "2136"]
[BlackElo "2161"]
[TimeControl "180+1"]
[EndTime "9:52:42 PDT"]
[Termination "Darko-Dimitrijevic won on time"]

1. e4 e5 2. Nf3 Nc6 3. Bb5 a6 4. Ba4 Nf6 5. O-O Be7 6. Re1 d6 7. c3 Bg4 8. h3 Bh5 9. d3 Nd7 10.
Nbd2 O-O 11. Nf1 h6 12. Ng3 Bxf3 13. Qxf3 Bg5 14. Nf5 Nc5 15. Bc2 Bxc1 16. Raxc1 Ne6 17. Rcd1 Qf6 18. Re2 Ne7 19. d4 Nf4 20. Red2 Nxf5 21. exf5 d5 22. dxe5 Qxe5 23. g3 Nxh3+ 24. Kg2 Ng5 25.
Qxd5 Qf6 26. Qd7 Rad8 27. Qxc7 Rxd2 28. Rxd2 b5 29. Qd6 h5 30. Qxf6 gxf6 31. Rd6 Re8 32. Bd3 Re1 33. Rxf6 1-0

[Event "Early-Titled-Tuesday-Blitz-October-10-2023"]
[Site "Chess.com"]
[Date "2023.10.10"]
[Round "10"]
[White "N4700000"]
[Black "azikom"]
[Result "0-1"]
[WhiteElo "2434"]
[BlackElo "2598"]
[TimeControl "180+1"]
[EndTime "9:52:46 PDT"]
[Termination "azikom won by resignation"]

1. e4 c6 2. Nf3 d5 3. exd5 cxd5 4.
d4 Nc6 5. Ne5 Nxe5 6. dxe5 e6 7.
Bd3 Ne7 8. O-O Bd7 9. Nd2 Ng6 10. Nf3 Bc5 11. c3 f5 12. exf6 Qxf6 13. Bg5 Qf7 14.
h4 Bd6 15. g3 h6 16. h5 Ne7 17. Bxe7 Kxe7 18. Nh4 Rhc8 19. Ng6+ Kd8 20. Qe2 Qf6 21. f4 Bc5+ 22. Kh2 Kc7 23. Rae1 Re8 24. Ne5 a6 25. Ng4 Qf8 26. Bg6 Bb5 27. Bd3 Bxd3 28. Qxd3 Qf7 29. Re2 Qxh5+ 30. Kg2 Qxg4 0-1

[Event "Early-Titled-Tuesday-Blitz-October-10-2023"]
[Site "Chess.com"]
[Date "2023.10.10"]
[Round "10"]
[White "CraiggoryC"]
[Black "KejJaj"]
[Result "0-1"]
[WhiteElo "2251"]
[BlackElo "2173"]
[TimeControl "180+1"]
[EndTime "9:52:48 PDT"]
[Termination "KejJaj won by checkmate"]

1. e4 c5 2. Nf3 d6 3. d4 cxd4 4. Nxd4 Nf6 5. Nc3 g6 6. Be3 Bg7 7. f3 O-O 8. Qd2 Nc6 9. Bc4 Nd7 10. O-O-O Nb6 11. Bb3 Na5 12. Qe1 Nbc4 13. Bf2 Bd7 14. Kb1 b5 15. g4 Ne5 16. h4 Nxb3 17. axb3 a5 18. h5 a4 19. Be3 axb3 20. cxb3 Qa5 21.
hxg6 fxg6 22. Qh4 h5 23. gxh5 Rfc8 24. hxg6 Rxc3 25. Qh7+ Kf8 26. bxc3 Qa1+ 27. Kc2 Ra2# 0-1

[Event "Early-Titled-Tuesday-Blitz-October-10-2023"]
[Site "Chess.com"]
[Date "2023.10.10"]
[Round "10"]
[White "soumeow"]
[Black "santosalberto1987"]
[Result "0-1"]
[WhiteElo "2288"]
[BlackElo "2456"]
[TimeControl "180+1"]
[EndTime "9:52:49 PDT"]
[Termination "santosalberto1987 won on time"]

1. e4 e6 2. d4 d5 3. Nc3 Nf6 4. e5 Nfd7 5. f4 c5 6. Nf3 Nc6 7. Be3 Qb6 8. a3 c4 9. Rb1 Be7 10. Be2 Qa5 11. O-O b5 12. Ra1 f5 13. exf6 Nxf6 14.
Ne5 Bd7 15. Bh5+ g6 16. Bf3 a6 17. Re1 O-O 18. Nxd7 Nxd7 19. Nxd5 Rac8 20. Nxe7+ Nxe7 21. Bf2 Nd5 22. Rxe6 Nxf4 23. Re7 Nf6 24. d5 Rcd8 25. d6 Rf7 26. Rxf7 Kxf7 27. Qd4 Ne6 28. Qe5 Qd2 29.
Rd1 Qxc2 30. Bh4 Qf5 31. Qe3 g5 32. Bg3 g4 33. Bb7 Qc5 34. Qxc5 Nxc5 35. Bc6 Nfe4 36. Rf1+ Ke6 37. Re1 Kf5 0-1

[Event "Early-Titled-Tuesday-Blitz-October-10-2023"]
[Site "Chess.com"]
[Date "2023.10.10"]
[Round "10"]
[White "DonJuanEGenaro"]
[Black "gueraumasague"]
[Result "0-1"]
[WhiteElo "1900"]
[BlackElo "2519"]
[TimeControl "180+1"]
[EndTime "9:52:51 PDT"]
[Termination "gueraumasague won by resignation"]

1. Nf3 g6 2. d4 Bg7 3. Bf4 d6 4.
e3 Nd7 5. Bc4 Ngf6 6. Bxf7+ Kxf7 7. Ng5+ Kg8 8. Ne6 Qe8 9. Nxc7 Qf7 10. Nxa8 Nd5 11. Bg3 b5 12. Nc3 Nxc3 13. bxc3 Bb7 14. Nc7 Bxg2 15. Rg1 Bc6 16. a4 bxa4 17. d5 Bxc3+ 18.
Kf1 Bxa1 19. dxc6 Qc4+ 20. Kg2 Qxc6+ 21. Qf3 Qxf3+ 22. Kxf3 Bg7 23. Ne6 Bf6 24. Nd4 Kf7 25. Ra1 e5 26. Rxa4 exd4 27. Rxa7 Ke6 28. exd4 Bxd4 29.
Ra6 Rf8+ 30. Ke2 Be5 31. Ke3 Bxg3 32. hxg3 Rc8 33. Kd2 Nc5 34. Ra7 h5 35. Rg7 Kf6 36. Ra7 Ne4+ 37. Ke3 d5 38. Ra6+ Kf5 39. Kd4 Nxf2 40.
Kxd5 Rxc2 41. Kd4 Re2 42. Ra5+ Kg4 43. Ra6 g5 44. Ra3 Re4+ 45. Kd5 Rb4 46. Rc3 Ne4 0-1

[Event "Early-Titled-Tuesday-Blitz-October-10-2023"]
[Site "Chess.com"]
[Date "2023.10.10"]
[Round "10"]
[White "abelmat"]
[Black "Ariadna_Atreides"]
[Result "0-1"]
[WhiteElo "1951"]
[BlackElo "2198"]
[TimeControl "180+1"]
[EndTime "9:52:52 PDT"]
[Termination "Ariadna_Atreides won by checkmate"]

1. d4 Nf6 2. c4 e6 3. Nf3 Bb4+ 4. Nc3 b6 5. Qc2 Bb7 6. a3 Bxc3+ 7. Qxc3 a5 8. g3 O-O 9. Bg2 d6 10. O-O Nbd7 11. Bf4 Qe7 12. Rfe1 Ne4 13. Qc2 f5 14. h4 Rab8 15. b4 axb4 16. axb4 e5 17. Bg5 Nxg5 18. Nxg5 Bxg2 19. Kxg2 h6 20. Nh3 f4 21. Ra7 Rbc8 22. Qe4 Qf6 23. f3 fxg3 24. Kxg3 exd4 25. Nf4 Rce8 26.
Qd5+ Kh8 27. Nh3 d3 28. Rxc7 Ne5 29. exd3 Qg6+ 30. Kf2 Nxd3+ 31. Kf1 Rxe1# 0-1

[Event "Early-Titled-Tuesday-Blitz-October-10-2023"]
[Site "Chess.com"]
[Date "2023.10.10"]
[Round "10"]
[White "shimastream"]
[Black "Oleksandr_Bortnyk"]
[Result "1-0"]
[WhiteElo "3004"]
[BlackElo "3046"]
[TimeControl "180+1"]
[EndTime "9:52:55 PDT"]
[Termination "shimastream won on time"]

1. b3 d5 2. Bb2 Bf5 3. d3 e6 4. Nd2 h6 5. e4 Bh7 6. g3 Nf6 7. Bg2 Be7 8. h4 c6 9. Nh3 a5 10. a3 a4 11. b4 Qb6 12. c4 O-O 13. g4 dxe4 14. dxe4 Rd8 15. Qe2 Na6 16. Bc3 Nxb4 17. axb4 Bxb4 18. Bxb4 Qxb4 19. Ra2 Rd4 20. O-O Rad8 21. Nf3 Rxe4 22. Qb2 Qxc4 23. g5 Nd5 24.
gxh6 gxh6 25. Nd2 Qd3 26. Nxe4 Bxe4 27. Ra3 Qc4 28. Rc1 1-0

[Event "Early-Titled-Tuesday-Blitz-October-10-2023"]
[Site "Chess.com"]
[Date "2023.10.10"]
[Round "10"]
[White "LamaChampetre"]
[Black "Balla_Tamas"]
[Result "0-1"]
[WhiteElo "2239"]
[BlackElo "2418"]
[TimeControl "180+1"]
[EndTime "9:52:56 PDT"]
[Termination "Balla_Tamas won by checkmate"]

1. d4 d5 2. c4 e6 3. Nf3 c5 4. cxd5 exd5 5. Nc3 Nc6 6. g3 Nf6 7. Bg2 cxd4 8. Nxd4 Bc5 9. Nb3 Bb6 10. O-O d4 11. Ne4 Nxe4 12. Bxe4 Bh3 13. Re1 O-O 14. Qc2 h6 15. Bd2 Rc8 16. Qd3 Ne5 17. Qb5 Qf6 18.
Bf4 Ng4 19. Rac1 d3 20. e3 g5 21. Rxc8 Rxc8 22. Qf5 Qxf5 23. Bxf5 Rc2 24. Bxd3 Rxb2 25.
Bd6 Rxf2 26. Nd4 Rg2+ 27. Kh1 Rxh2+ 28. Kg1 Rg2+ 29. Kh1 Nf2# 0-1

[Event "Early-Titled-Tuesday-Blitz-October-10-2023"]
[Site "Chess.com"]
[Date "2023.10.10"]
[Round "10"]
[White "karwowskikacper"]
[Black "Agibileg"]
[Result "1/2-1/2"]
[WhiteElo "2557"]
[BlackElo "2686"]
[TimeControl "180+1"]
[EndTime "9:53:01 PDT"]
[Termination "Game drawn by repetition"]

1. e4 e5 2. Nf3 Nc6 3. d4 exd4 4. Nxd4 Nf6 5. Nc3 Bb4 6. Nxc6 bxc6 7. Bd3 d5 8. exd5 cxd5 9. O-O O-O 10. Bg5 c6 11. Qf3 h6 12. Bxf6 Qxf6 13. Qxf6 gxf6 14. Ne2 Rb8 15.
b3 Bd7 16. Ng3 Bc3 17. Rad1 Rfe8 18. h3 a5 19. a4 Re5 20. f4 Re3 21. Rf3 Rxf3 22.
gxf3 c5 23. Ne2 Bb4 24. f5 c4 25.
bxc4 dxc4 26. Bxc4 Bxa4 27. Bb3 Bc5+ 28. Kg2 Bxb3 29.
cxb3 Rxb3 30. Rd5 Bb4 31. Nf4 a4 32. Rd8+ Kh7 33. Ra8 a3 34. Nd5 Bc3 35. Nxc3 Rxc3 36. Kg3 h5 37. h4 Kg7 38. Kf4 Rc4+ 39. Kg3 Rc3 40. Kf4 Rb3 41. Kg3 Rc3 1/2-1/2

[Event "Early-Titled-Tuesday-Blitz-October-10-2023"]
[Site "Chess.com"]
[Date "2023.10.10"]
[Round "10"]
[White "SchachmattTV_Tobi"]
[Black "ploxoi"]
[Result "0-1"]
[WhiteElo "2561"]
[BlackElo "2454"]
[TimeControl "180+1"]
[EndTime "9:53:03 PDT"]
[Termination "ploxoi won on time"]

1. e4 c5 2. Nc3 e6 3. g3 Nc6 4. Bg2 g6 5. d3 Bg7 6. Be3 Nd4 7. Qd2 Ne7 8. Nd1 d6 9. c3 Ndc6 10. Bh6 O-O 11. h4 f6 12. Bxg7 Kxg7 13. h5 g5 14. h6+ Kh8 15. f4 Ng6 16. Nf3 gxf4 17. gxf4 f5 18. exf5 Rxf5 19. Ne3 Rxf4 20. O-O-O Ra4 21. Kb1 Qa5 22. b3 Rf4 23. Rdf1 Qd8 24. Bh3 Qf6 25. Ng4 Qe7 26. Rhg1 e5 27. Qg2 e4 28.
dxe4 Qxe4+ 29. Kb2 Bxg4 30. Bxg4 Raf8 31. Rf2 Qe7 32.
Rgf1 Nge5 0-1

[Event "Early-Titled-Tuesday-Blitz-October-10-2023"]
[Site "Chess.com"]
[Date "2023.10.10"]
[Round "10"]
[White "Cheer_Down"]
[Black "KatakuriDono"]
[Result "0-1"]
[WhiteElo "2483"]
[BlackElo "2352"]
[TimeControl "180+1"]
[EndTime "9:53:07 PDT"]
[Termination "KatakuriDono won by checkmate"]

1. e4 e5 2. Nf3 Nc6 3. Bc4 Nf6 4.
d3 Be7 5. O-O O-O 6. Re1 d6 7.
a4 Kh8 8. Nc3 a6 9. a5 Be6 10. Nd5 Bg4 11. Be3 Nxd5 12. exd5 Nb8 13. h3 Bh5 14. d4 e4 15. g4 Bg6 16. Nh2 Nd7 17. f4 exf3 18. Nxf3 f5 19. Nh2 f4 20.
Bf2 Nf6 21. Re6 Ne4 22. Nf3 Nxf2 23. Kxf2 Bh4+ 24. Kg2 Bg3 25. Bd3 Bf7 26. Qe2 Bxe6 27. dxe6 Qe7 28. d5 c6 29. c4 cxd5 30. cxd5 Rac8 31.
Qe4 g6 32. Ra4 Rc1 33. Rc4 Rxc4 34. Qxc4 Qg7 35. Qc2 Qe7 36. b3 Rb8 37. Qc3+ Kg8 38. b4 b6 39. Bxa6 bxa5 40. bxa5 Qa7 41. Qd3 Qf2+ 42.
Kh1 Rb1+ 43. Qxb1 Qxf3+ 44. Kg1 Qf2+ 45. Kh1 Qh2# 0-1

[Event "Early-Titled-Tuesday-Blitz-October-10-2023"]
[Site "Chess.com"]
[Date "2023.10.10"]
[Round "10"]
[White "boasovietica"]
[Black "ChessQueen"]
[Result "0-1"]
[WhiteElo "2508"]
[BlackElo "2708"]
[TimeControl "180+1"]
[EndTime "9:53:10 PDT"]
[Termination "ChessQueen won by checkmate"]

1. e4 c6 2. Nf3 d5 3. Nc3 dxe4 4.
Nxe4 Nf6 5. Qe2 Nxe4 6. Qxe4 Nd7 7. Bc4 Nf6 8. Ne5 e6 9. Qe2 b5 10. Bb3 Qc7 11. d4 Bd6 12. O-O O-O 13. c3 c5 14.
Bg5 Nd5 15. Bxd5 exd5 16. Nf3 c4 17. Bh4 Bf5 18. Bg3 Bd3 19. Qd2 Bxf1 20. Rxf1 Rfe8 21. Qg5 Bxg3 22. hxg3 Qd6 23. a4 f6 24. Qh5 g6 25. Qh4 bxa4 26. Ra1 Qc6 27. g4 Re4 28. Qg3 g5 29. Nd2 Re6 30. Nf1 Rae8 31. Ne3 Qb5 32. Nf5 Qxb2 33. Rxa4 Re1+ 34. Kh2 Qc1 35. Qc7 Rh1+ 36.
Kg3 Qxc3+ 37. Ne3 Rxe3+ 38. fxe3 Qxe3# 0-1

[Event "Early-Titled-Tuesday-Blitz-October-10-2023"]
[Site "Chess.com"]
[Date "2023.10.10"]
[Round "10"]
[White "masterofpuppets2"]
[Black "Shivananda1964"]
[Result "1-0"]
[WhiteElo "2514"]
[BlackElo "2405"]
[TimeControl "180+1"]
[EndTime "9:53:10 PDT"]
[Termination "masterofpuppets2 won on time"]

1. d4 Nf6 2. c4 Nc6 3. Nf3 e6 4. g3 Bb4+ 5. Bd2 Qe7 6. Nc3 d6 7. Bg2 a5 8. O-O Bxc3 9. Bxc3 e5 10. d5 Nb8 11. Ne1 O-O 12. e4 Ng4 13. Nd3 f5 14. exf5 Bxf5 15. h3 Nh6 16. Qe2 Nd7 17. Rae1 Bxd3 18.
Qxd3 Nc5 19. Qe2 Nf5 20. b3 b6 21. Kh2 Qg5 22. h4 Qh6 23. Rd1 Rae8 24. Qd2 Qh5 25. Bh3 Nxh4 26. gxh4 Qxh4 27. f3 Rf6 28. Qg2 Rg6 29. Qf2 Qf4+ 30. Kh1 Rg3 31. Qh2 Rf8 32. Bd2 1-0

[Event "Early-Titled-Tuesday-Blitz-October-10-2023"]
[Site "Chess.com"]
[Date "2023.10.10"]
[Round "10"]
[White "dosto07"]
[Black "PatzerSmashers"]
[Result "1-0"]
[WhiteElo "2515"]
[BlackElo "2416"]
[TimeControl "180+1"]
[EndTime "9:53:12 PDT"]
[Termination "dosto07 won by resignation"]

1. e4 c5 2. Nf3 d6 3. Bb5+ Nd7 4. d4 cxd4 5. Qxd4 Nf6 6. Nc3 a6 7. Bxd7+ Bxd7 8. Bg5 e6 9. O-O-O Be7 10. e5 dxe5 11.
Nxe5 Bc6 12. Nxc6 bxc6 13. Bxf6 Bxf6 14. Qc5 Qc7 15. Ne4 Be7 16. Nd6+ Bxd6 17. Qxd6 Qxd6 18. Rxd6 Rc8 19. Rhd1 O-O 20. R1d3 Rc7 21. Rd8 g6 22. Rxf8+ Kxf8 23. Rd8+ Ke7 24. Ra8 e5 25. Rxa6 f5 26. Kd2 h5 27. h4 Kd6 28. a4 g5 29. hxg5 Rg7 30. b4 Kd5 31. Kd3 e4+ 32. Ke3 Rxg5 33.
g3 Rg4 34. Rb6 Kc4 35. a5 Rg7 36. a6 Kc3 37. Rxc6+ Kxb4 38. Rf6 Rg5 39. a7 Rg8 40. Rxf5 Ra8 41. Rf7 Kc3 42. Kxe4 Kxc2 43. f4 Kc3 44. f5 Rf8 45. Rxf8 1-0

[Event "Early-Titled-Tuesday-Blitz-October-10-2023"]
[Site "Chess.com"]
[Date "2023.10.10"]
[Round "10"]
[White "Alina_Gumerovna"]
[Black "Boxerandchessplayer"]
[Result "1-0"]
[WhiteElo "2134"]
[BlackElo "2179"]
[TimeControl "180+1"]
[EndTime "9:53:12 PDT"]
[Termination "Alina_Gumerovna won on time"]

1. e4 e6 2. d4 d5 3. Nd2 dxe4 4.
Nxe4 Nd7 5. Nf3 Ngf6 6. Ng3 Be7 7. Bd3 O-O 8. O-O b6 9. b3 Bb7 10. Bb2 c5 11. c4 Rc8 12. h3 Qc7 13. Re1 Qb8 14. d5 Rfe8 15. dxe6 fxe6 16. Rxe6 Nf8 17. Re1 Qa8 18. Nf5 Bxf3 19. Qxf3 Qxf3 20. gxf3 Ng6 21. Nxe7+ Rxe7 22. Bxg6 Rxe1+ 23. Rxe1 hxg6 24. Re7 Ra8 25. Kg2 Kf8 26. Rb7 Ne8 27. f4 Kg8 28.
Kf3 Kf8 29. Be5 Nf6 30. h4 Kg8 31. Bb8 Ne8 32. Be5 Nf6 33. Ke2 Ne8 34. f3 Kf8 35. Ke3 Nf6 36. Bb8 Ne8 37. Ke4 Kg8 38. Ke5 Kf8 39. a4 1-0

[Event "Early-Titled-Tuesday-Blitz-October-10-2023"]
[Site "Chess.com"]
[Date "2023.10.10"]
[Round "10"]
[White "Roman_Ovetchkin"]
[Black "Drags95"]
[Result "0-1"]
[WhiteElo "2695"]
[BlackElo "2866"]
[TimeControl "180+1"]
[EndTime "9:53:13 PDT"]
[Termination "Drags95 won on time"]

1. e4 c5 2. Nf3 e6 3. d4 cxd4 4. Nxd4 Nc6 5. Nc3 Qc7 6. g3 a6 7. Bg2 Nf6 8. O-O Nxd4 9. Qxd4 Bc5 10. Bf4 d6 11. Qd2 h6 12. Rad1 e5 13. Be3 Bb4 14. Nb5 axb5 15. Qxb4 Rxa2 16. Rxd6 O-O 17. Rd2 Be6 18. Rfd1 Ng4 19. Bc5 Rc8 20. Bd6 Qb6 21. Bf1 Nxf2 22. Rxf2 Rxc2 23. Rd2 Raxb2 24. Qxb2 Rxb2 25. Rxb2 Qxd6 26. Rxb5 b6 27. h3 Qd4 28. Bg2 Bc4 29. Rb2 b5 30. Kh2 g5 31. Rfd2 Qe3 32. Rf2 Kg7 33. Rf5 Qc3 34. Rff2 h5 35. Rfc2 Qe3 36. Rf2 h4 37. gxh4 gxh4 38. Rf5 Qc3 39.
Rbf2 b4 40. Rg5+ Kf8 41. Bf1 Bxf1 42. Rxf1 b3 43. Rgf5 Qc4 0-1

[Event "Early-Titled-Tuesday-Blitz-October-10-2023"]
[Site "Chess.com"]
[Date "2023.10.10"]
[Round "10"]
[White "Let_it_be_1"]
[Black "fastestmindalive"]
[Result "1-0"]
[WhiteElo "2567"]
[BlackElo "2710"]
[TimeControl "180+1"]
[EndTime "9:53:14 PDT"]
[Termination "Let_it_be_1 won by resignation"]

1. e4 e5 2. Nf3 Nc6 3. Bb5 a6 4. Ba4 Nf6 5. d4 exd4 6. O-O Nxe4 7. Re1 d5 8. Nxd4 Bc5 9. Bxc6+ bxc6 10. f3 O-O 11.
fxe4 Qh4 12. Be3 dxe4 13. Nf5 Bxf5 14. Bxc5 e3 15. Bxe3 Bxc2 16. Qe2 Rab8 17. Nc3 Rxb2 18. Na4 Qxa4 19. Bc5 h6 20. Bxf8 Qd4+ 21. Kh1 Be4 22.
Qxe4 Qxe4 23. Rxe4 Kxf8 24. Rc4 Rb6 25. Rac1 Ke7 26. Rxc6 Rb2 27. Rxc7+ Kf6 28. R7c6+ Kg5 29. Rxa6 f5 30. h3 Kh4 31. Ra4+ Kh5 32. Ra1 g5 33. Rc4 g4 34. hxg4+ fxg4 35. a4 Kh4 36. Kh2 h5 37.
a5 Rb5 38. a6 Ra5 39. g3+ 1-0

[Event "Early-Titled-Tuesday-Blitz-October-10-2023"]
[Site "Chess.com"]
[Date "2023.10.10"]
[Round "10"]
[White "Casper"]
[Black "hakanazeri2"]
[Result "0-1"]
[WhiteElo "2435"]
[BlackElo "2598"]
[TimeControl "180+1"]
[EndTime "9:53:14 PDT"]
[Termination "hakanazeri2 won by resignation"]

1. e4 c5 2. d4 cxd4 3. Qxd4 Nc6 4. Qe3 e6 5. Nc3 Nf6 6. Bd2 Bb4 7. O-O-O a6 8. f3 d6 9. h4 b5 10. h5 Bc5 11.
Qg5 Kf8 12. h6 g6 13. Qh4 Ne8 14. Bg5 Qa5 15. Bf6 Rg8 16. Kb1 b4 17. Nd5 exd5 18.
exd5 Nxf6 19. Qxf6 Qd8 20. Qf4 Ne5 21. Nh3 Bxh3 22.
Rxh3 Qe7 23. Re1 Re8 24. Bxa6 g5 25. Qf5 Rg6 26. g3 Qf6 27. Qe4 Qxf3 28. Qxf3 Nxf3 29. Rxe8+ Kxe8 30. Bd3 g4 31. Rh5 Rg5 32. Rh1 f5 33. a4 bxa3 34. c3 axb2 35. Kxb2 Bf2 36. Ra1 Bxg3 37.
Ra8+ Kf7 38. Rh8 Kg6 0-1

[Event "Early-Titled-Tuesday-Blitz-October-10-2023"]
[Site "Chess.com"]
[Date "2023.10.10"]
[Round "10"]
[White "LeoWin2012"]
[Black "Eloist"]
[Result "0-1"]
[WhiteElo "2305"]
[BlackElo "2445"]
[TimeControl "180+1"]
[EndTime "9:53:14 PDT"]
[Termination "Eloist won by resignation"]

1. e4 e6 2. d4 d5 3. exd5 exd5 4. Bd3 Bd6 5. Nf3 Ne7 6. O-O Nbc6 7. Re1 Nb4 8. Ne5 Nxd3 9. Qxd3 O-O 10. Bf4 f6 11. b4 fxe5 12. dxe5 Bxb4 13. c3 Rxf4 14. cxb4 Rxb4 15.
Nc3 Bf5 16. Qg3 d4 17. Ne4 Bxe4 18. Rxe4 Qd5 19. Rg4 Nf5 20. Qf4 Rf8 21. Qg5 Rb6 22. Re1 Rg6 23. Qf4 Nh6 24. Qe4 Qxe4 25. Rgxe4 c5 26.
e6 Nf5 27. Re5 b6 28. e7 Nxe7 29. Rxe7 Rgf6 30. f3 R6f7 31. Re8 Rd7 32. R8e7 Rfd8 33. Rxd7 Rxd7 34. Re8+ Kf7 35. Re2 d3 36. Rd2 c4 37.
Kf2 c3 38. Rd1 c2 39. Rxd3 Rxd3 0-1

[Event "Early-Titled-Tuesday-Blitz-October-10-2023"]
[Site "Chess.com"]
[Date "2023.10.10"]
[Round "10"]
[White "Alexander_Donchenko"]
[Black "rasmussvane"]
[Result "1-0"]
[WhiteElo "2865"]
[BlackElo "2992"]
[TimeControl "180+1"]
[EndTime "9:53:17 PDT"]
[Termination "Alexander_Donchenko won on time"]

1. c4 Nf6 2. Nc3 c5 3. g3 e6 4. Nf3 d5 5. cxd5 exd5 6. d4 Nc6 7. Bg2 cxd4 8. Nxd4 Bc5 9. Nxc6 bxc6 10. O-O O-O 11. Na4 Bb6 12. Qc2 Ba6 13. Nxb6 axb6 14. Qxc6 Rc8 15. Qa4 Bxe2 16. Re1 Bc4 17. b3 Bd3 18.
Bb2 Be4 19. Bxf6 Qxf6 20. Bxe4 dxe4 21. Qxe4 h6 22. Rac1 Rxc1 23. Rxc1 Rd8 24. h4 g6 25. Qe3 h5 26. a4 Kg7 27. Kg2 Rd4 28. Rc7 Qd6 29. Rc3 Rd1 30. Qf3 Rb1 31. Rc6 Qe5 32. Rxb6 Qa1 33. Rb7 Qf6 34. Qxf6+ Kxf6 35. a5 Ra1 36. b4 Ke6 37. Rb6+ Ke5 38. a6 Kd5 39. Rb5+ 1-0

[Event "Early-Titled-Tuesday-Blitz-October-10-2023"]
[Site "Chess.com"]
[Date "2023.10.10"]
[Round "10"]
[White "Alphafischer2019"]
[Black "McCarthyStone"]
[Result "1-0"]
[WhiteElo "2589"]
[BlackElo "2425"]
[TimeControl "180+1"]
[EndTime "9:53:20 PDT"]
[Termination "Alphafischer2019 won by checkmate"]

1. e4 e5 2. Nf3 d6 3. d4 exd4 4. Nxd4 Nf6 5. Nc3 g6 6. Bf4 Bg7 7. Qd2 Nc6 8. Nb3 a5 9. Bb5 O-O 10. f3 Re8 11. O-O-O Be6 12. Kb1 Nd7 13. h4 Nde5 14.
h5 Nc4 15. Bxc4 Bxc4 16. hxg6 fxg6 17. Bh6 Bh8 18. Bg5 Qd7 19. Nc1 Qg7 20. f4 a4 21.
a3 Ra6 22. f5 Rb6 23. Ka1 gxf5 24. exf5 Nd4 25. f6 Qg6 26. Qxd4 Qxc2 27. Qxc4+ d5 28.
Qxd5+ Ree6 29. Qd8+ Kf7 30. Qd7+ Kg6 31. Qxh7+ Kxg5 32.
Qxc2 Bxf6 33. Rd5+ Kg4 34. Qf5+ Kg3 35. Qf3# 1-0

[Event "Early-Titled-Tuesday-Blitz-October-10-2023"]
[Site "Chess.com"]
[Date "2023.10.10"]
[Round "10"]
[White "InitiatingASC"]
[Black "howitzer14"]
[Result "0-1"]
[WhiteElo "2362"]
[BlackElo "3006"]
[TimeControl "180+1"]
[EndTime "9:53:21 PDT"]
[Termination "howitzer14 won by resignation"]

1. d4 Nf6 2. c4 c5 3. d5 e6 4. Nc3 exd5 5. cxd5 d6 6. Nf3 g6 7. g3 Bg7 8. Bg2 O-O 9. Nd2 Re8 10. O-O b6 11.
Nc4 Ba6 12. Ne3 b5 13. a3 Nbd7 14. Qc2 Rc8 15. Qb3 Qb6 16. Bd2 h5 17. Bh3 Rc7 18.
Rfc1 Ne5 19. Qa2 Qb8 20. Bg2 Bc8 21. a4 b4 22. Nb5 Rce7 23. Nc4 Nxc4 24. Qxc4 a6 25.
Nxd6 Qxd6 26. Bf4 Qd8 27. Qxc5 Rxe2 28. Bc7 Qd7 29. Qxb4 Nxd5 30. Qa5 Nxc7 31. Rxc7 Qf5 32. Qxf5 Bxf5 33. Rac1 Re1+ 34. Rxe1 Rxe1+ 35. Bf1 Bh3 0-1

[Event "Early-Titled-Tuesday-Blitz-October-10-2023"]
[Site "Chess.com"]
[Date "2023.10.10"]
[Round "10"]
[White "PeshkaCh"]
[Black "deribas12345"]
[Result "1-0"]
[WhiteElo "2808"]
[BlackElo "2588"]
[TimeControl "180+1"]
[EndTime "9:53:23 PDT"]
[Termination "PeshkaCh won by resignation"]

1. Nf3 c5 2. c4 Nf6 3. Nc3 Nc6 4.
g3 g6 5. Bg2 Bg7 6. O-O O-O 7.
d4 cxd4 8. Nxd4 Nxd4 9. Qxd4 Qa5 10. Nd5 Nxd5 11. Qxd5 Qxd5 12. Bxd5 d6 13. Bg5 Re8 14.
Rfd1 Rb8 15. Rd2 Bd7 16. Be3 b6 17. Rc1 Rec8 18. b4 Rc7 19. c5 bxc5 20. bxc5 dxc5 21. Rxc5 Rxc5 22. Bxc5 Bh3 23. Bb3 Bf6 24. Bxa7 Rc8 25. Rd1 h5 26. f3 Bf5 27. Bd4 e5 28. Bb2 Kg7 29. e4 Bh3 30. Kf2 Rb8 31. Rd2 Kg8 32. f4 Re8 33. Rd6 Bg7 34. Rxg6 Be6 35. Bxe6 fxe6 36. Bxe5 1-0

[Event "Early-Titled-Tuesday-Blitz-October-10-2023"]
[Site "Chess.com"]
[Date "2023.10.10"]
[Round "10"]
[White "SALVA-DALI"]
[Black "Lion-Al-Messi"]
[Result "1-0"]
[WhiteElo "2773"]
[BlackElo "2630"]
[TimeControl "180+1"]
[EndTime "9:53:27 PDT"]
[Termination "SALVA-DALI won on time"]

1. e4 c5 2. Nc3 Nc6 3. Bb5 e6 4. Bxc6 bxc6 5. d3 g6 6. f4 d6 7.
Nf3 Bg7 8. O-O Ne7 9. Rb1 O-O 10. Be3 f6 11. e5 Nf5 12. Bf2 d5 13. Bxc5 fxe5 14.
Nxe5 Re8 15. Qe2 d4 16. Ne4 Qd5 17. b4 Bxe5 18. fxe5 Qxe5 19. Qf2 h5 20. Rbe1 Qg7 21.
Nd6 Rd8 22. Nxf5 exf5 23. Re7 Qf6 24. Qf4 Be6 25. Rc7 Bf7 26. Be7 Qe6 27. Bxd8 Rxd8 28. Rxa7 Qf6 29. Re1 Be6 30. Qc7 Bf7 31. Re7 Rf8 32.
Rxf7 Rxf7 33. Qxf7+ Qxf7 34. Rxf7 Kxf7 35. h4 Ke6 36. a4 c5 37. b5 Kd6 38. a5 Kc7 39. Kf2 Kb7 40. g3 c4 41. dxc4 Kc7 42.
Kf3 Kd6 43. a6 Kc7 44. c5 d3 45. b6+ Kc6 46. cxd3 1-0

[Event "Early-Titled-Tuesday-Blitz-October-10-2023"]
[Site "Chess.com"]
[Date "2023.10.10"]
[Round "10"]
[White "Riku-gan"]
[Black "play1ngtheangel"]
[Result "1-0"]
[WhiteElo "2843"]
[BlackElo "2684"]
[TimeControl "180+1"]
[EndTime "9:53:29 PDT"]
[Termination "Riku-gan won by resignation"]

1. Nc3 e5 2. Nf3 Nc6 3. d4 exd4 4. Nxd4 Bb4 5. Nxc6 dxc6 6. Qxd8+ Kxd8 7. Bd2 Nf6 8.
O-O-O Ke7 9. e4 Be6 10. f3 Rhd8 11. Bd3 h6 12. g4 Nd7 13. h4 a5 14. g5 h5 15. Be2 Nc5 16. a3 Bxc3 17. Bxc3 f6 18.
Rxd8 Rxd8 19. Bxa5 b6 20. Bc3 Kf7 21. f4 Nxe4 22. Bxh5+ g6 23. Be2 Nxc3 24. bxc3 Bd5 25. Rh2 Re8 26. h5 Re3 27. Kd2 Rg3 28. hxg6+ Kg7 29.
Rh7+ Kxg6 30. Rh6+ Kg7 31. Rxf6 Rg2 32. Ke3 Rg3+ 33.
Kd4 Bh1 34. Bd3 c5+ 35. Kc4 c6 36. Rg6+ Kf7 37. Rf6+ Ke7 38. Kb3 b5 39. c4 Be4 40.
Kc3 Rf3 41. Kd2 Bxd3 42. cxd3 bxc4 43. dxc4 Rxa3 44. Rxc6 Rf3 45. Rf6 Ra3 46. Rf5 Rf3 47. Re5+ Kd6 48. Rd5+ Ke6 49. f5+ Rxf5 50. Rxf5 Kxf5 51.
Ke3 Kxg5 52. Ke4 Kf6 53. Kd5 Ke7 54. Kxc5 Kd8 55. Kd6 Kc8 56. Kc6 Kb8 57. Kd7 1-0

[Event "Early-Titled-Tuesday-Blitz-October-10-2023"]
[Site "Chess.com"]
[Date "2023.10.10"]
[Round "10"]
[White "Willi_Skibbe"]
[Black "rachidhuilda"]
[Result "1/2-1/2"]
[WhiteElo "2191"]
[BlackElo "2360"]
[TimeControl "180+1"]
[EndTime "9:53:30 PDT"]
[Termination "Game drawn by repetition"]

1. e4 c5 2. Nf3 e6 3. c3 d5 4. e5 d4 5. Na3 Nc6 6. d3 Nh6 7. g3 Nf5 8. Bg2 Be7 9. c4 O-O 10. Nc2 b6 11. Nfxd4 Nfxd4 12. Nxd4 Qxd4 13. Bxc6 Qxe5+ 14. Qe2 Qxe2+ 15. Kxe2 Rb8 16. Bf4 Bb7 17. Be4 Bxe4 18. dxe4 Rbd8 19. Rad1 Bf6 20. e5 Be7 21. h4 Rxd1 22. Rxd1 Rd8 23. Rd3 Rxd3 24. Kxd3 Kf8 25. Bd2 Ke8 26. h5 Kd7 27. g4 Kc6 28. Ke4 a6 29. f4 b5 30. b3 g6 31. Bc3 Bd8 32. Kf3 Bh4 33. hxg6 hxg6 34. g5 Kb6 35.
Bd2 Kc6 36. Bc3 Kb6 37. Bd2 Kc6 38. Bc3 1/2-1/2